 Dungeon Crawl Stone Soup version 0.26.1-11-gd32895ea62 (webtiles) character file.

Game seed: 976860156269826404

125 ytrimaz the Chopper (level 4, -11/41 HPs)
             Began as a Minotaur Berserker on Apr 16, 2021.
             Was a Believer of Trog.
             Splashed by Ijyb's acid (18 damage)
             ... on level 3 of the Dungeon.
             The game lasted 00:03:12 (2629 turns).

ytrimaz the Chopper (Minotaur Berserker)            Turns: 2629, Time: 00:03:13

Health: -11/41     AC:  7    Str: 23    XL:     4   Next: 82%
Magic:  3/3        EV:  7    Int:  4    God:    Trog [**....]
Gold:   190        SH:  0    Dex:  9    Spells: 3/3 levels left

rFire    . . .     SeeInvis .   a - +0 hand axe
rCold    . . .     Faith    .   (no shield)
rNeg     . . .     Spirit   .   j - +0 plate armour
rPois    .         Reflect  .   (helmet restricted)
rElec    .         Harm     .   (no cloak)
rCorr    .         Rampage  .   (no gloves)
Will     .....                  (no boots)
Stlth    ..........             (no amulet)
HPRegen  0.13/turn              (no ring)
MPRegen  0.08/turn              (no ring)

@: corroded
A: retaliatory headbutt, horns 2
a: Renounce Religion, Berserk, Trog's Hand


You were on level 3 of the Dungeon.
You worshipped Trog.
Trog was pleased with you.
You visited 1 branch of the dungeon, and saw 3 of its levels.

You collected 190 gold pieces.

Inventory:

Hand Weapons
 a - a +0 hand axe (weapon)
Armour
 j - a +0 plate armour (worn)
Wands
 g - a wand of disintegration (5)
Scrolls
 b - 3 scrolls of remove curse {unknown}
 d - 2 scrolls of enchant armour {unknown}
 e - a scroll of amnesia {unknown}
 f - a scroll of random uselessness {unknown}
 i - 3 scrolls of identify {unknown}
 l - a scroll of blinking {unknown}
 n - a scroll of teleportation {unknown}
Potions
 c - 4 potions of curing {unknown}
 h - a potion of degeneration {unknown}
 k - a potion of magic {unknown}
 m - a potion of haste {unknown}


   Skills:
 + Level 4.7 Fighting
 + Level 5.5 Axes
 * Level 3.3 Armour
 - Level 2.1 Dodging


You had 3 spell levels left.
You didn't know any spells.
Your spell library was empty.

Dungeon Overview and Level Annotations

Branches:
Dungeon (3/15)

Altars:

Annotations:
D:3 Ijyb


Innate Abilities, Weirdness & Mutations

You reflexively headbutt those who attack you in melee.
You have a pair of horns on your head.


Message History

Ijyb is moderately wounded.
Ijyb hits you but does no damage.
You hit Ijyb but do no damage.
Ijyb is moderately wounded.
Ijyb zaps a wand.
The bolt of acid hits you.
You are splashed with acid!!
You barely miss Ijyb.
Ijyb is moderately wounded.
Ijyb hits you with a +0 club.
Your plate armour prevents you from hitting Ijyb.
Ijyb is moderately wounded.
Ijyb hits you but does no damage.
You closely miss Ijyb. Your headbutt misses Ijyb.
Ijyb is moderately wounded.
Ijyb barely misses you. You furiously retaliate!
You headbutt Ijyb! You hit Ijyb.
Ijyb is almost dead.
Ijyb zaps a wand.
The bolt of acid hits you!
* * * LOW HITPOINT WARNING * * *
The acid corrodes you!
You are splashed with acid!!
You die...

.....#####............#........##
........##............#..........
†.......##............#..........
.................[....###†#......
.............#........###.#....##
..#.##.......##...........##...#
.##.##.......##.....#.)...##...##
.##.##.....####....[#......+.....
....##.....#....@g..#.....##.....
.................................
....##.....#...####.####.........
................###.............#
.##.#...#######.#................
......#.###.......##.............
................<......#.........
.................................
.................##......#.#####.


You could see Ijyb.

Vanquished Creatures
  Jessica (D:3)
  A gnoll (D:1)
  4 adders
  An ooze (D:1)
  4 leopard geckos
  2 ball pythons (D:3)
  4 giant cockroaches
  A goblin (D:1)
  7 hobgoblins
  4 jackals (D:3)
  4 bats
  A frilled lizard (D:1)
  5 kobolds
  5 rats
44 creatures vanquished.

Notes
Turn   | Place    | Note
-------+----------+-------------------------------------------
     0 | D:1      | ytrimaz the Minotaur Berserker began the quest for the Orb.
     0 | D:1      | Reached XP level 1. HP: 19/19 MP: 0/0
   271 | D:1      | Reached skill level 4 in Axes
   299 | D:1      | Reached XP level 2. HP: 21/27 MP: 1/1
   809 | D:1      | Reached XP level 3. HP: 11/33 MP: 2/2
  1231 | D:2      | Reached skill level 5 in Axes
  1331 | D:2      | Reached XP level 4. HP: 36/41 MP: 3/3
  1427 | D:2      | Reached ** piety under Trog
  2270 | D:3      | Noticed Jessica
  2287 | D:3      | Killed Jessica
  2615 | D:3      | Noticed Ijyb
  2629 | D:3      | Splashed by Ijyb's acid

Illustrated notes

Levels and vault maps discovered:
D:1:      eino_arrival_cavern_a, layout_loops_ring,
          chequers_serial_rivers_large_a
D:2:      layout_rooms
D:3:      layout_basic, yredelemnul_altar_generic, minitemple, uniq_ijyb,
          uniq_jessica

Skill      XL: |  1  2  3  4 |
---------------+-------------+-----
Axes           | 4 5 |  5.5
Fighting       | 4 |  4.7
Armour         | 3 |  3.3
Dodging        | |  2.1

Action                   |  1- 3 |  4- 6 || total
-------------------------+-------+-------++-------
Melee: Hand axe          |    52 |    69 ||   121
       Headbutt          |     5 |     9 ||    14
Invok: Berserk           |     2 |     1 ||     3
Armor: Animal skin       |     6 |       ||     6
       Ring mail         |    17 |     6 ||    23
       Plate armour      |       |    45 ||    45
Dodge: Dodged            |    36 |    31 ||    67
